 Dungeon Crawl Stone Soup version 0.21.1-72-gffa868e (webtiles) character file.

12992 Madoushi the Cleaver (level 11, 0/101 HPs)
             Began as a Minotaur Berserker on Aug 3, 2018.
             Was a High Priest of Trog.
             Slain by a skeletal warrior
             ... wielding a +0 trident
             ... led by a skeletal warrior
              (19 damage)
             ... on level 10 of the Dungeon.
             The game lasted 00:37:49 (9486 turns).

Madoushi the Cleaver (Minotaur Berserker)           Turns: 9486, Time: 00:37:49

Health: 0/101      AC: 19    Str: 26    XL:     11   Next: 69%
Magic:  19/19      EV: 11    Int:  6    God:    Trog [*****.]
Gold:   285        SH:  0    Dex:  9    Spells: 10/10 levels left

rFire    . . .     SeeInvis +   h - +11 war axe of Fobuafae {elec, *Drain Int+2 SInv}
rCold    . . .     Gourm    .   (no shield)
rNeg     . . .     Faith    .   H - +2 chain mail of Moral Flaws {+Fly}
rPois    .         Spirit   .   (helmet restricted)
rElec    .         Reflect  .   q - +1 cloak
rCorr    .         Harm     .   (no gloves)
MR       .....                  M - +1 pair of boots
Stlth    ..........             r - amulet of regeneration
HPRegen  0.66/turn              m - ring of magical power
MPRegen  0.16/turn              (no ring)

@: no status effects
A: retaliatory headbutt, horns 2
a: Berserk, Trog's Hand, Brothers in Arms, Burn Spellbooks, Renounce Religion,
Evoke Flight


You were on level 10 of the Dungeon.
You worshipped Trog.
Trog was extremely pleased with you.
You were not hungry.

You visited 1 branch of the dungeon, and saw 11 of its levels.

You collected 541 gold pieces.
You spent 256 gold pieces at shops.

Inventory:

Hand Weapons
 a - a +0 hand axe
 h - the +11 war axe of Fobuafae (weapon) {elec, *Drain Int+2 SInv}
   (You found it on level 8 of the Dungeon)

   Occasionally, upon striking a foe, it will discharge some electrical energy
   and cause terrible harm.
   It affects your intelligence (+2).
   It lets you see invisible.
   It causes draining when unequipped.
 v - a +0 war axe
 y - a +0 shortbow
 D - a +3 antimagic hand axe
 F - a +0 hand crossbow
 V - a +1 trident of protection
 W - the +11 flail of Gloom {holy, -Tele +Rage rPois Dex+2, unknown}
   (You found it on level 9 of the Dungeon)

   It has been blessed by the Shining One to cause great damage to the undead
   and demons.
   It affects your dexterity (+2).
   It protects you from poison.
   It lets you go berserk.
   It prevents most forms of teleportation.
 X - a +3 battleaxe of chopping
 Z - a cursed -1 trident
Missiles
 g - 230 stones (quivered)
 o - 10 tomahawks
 p - 19 poisoned needles
 x - 2 throwing nets
 E - 187 arrows
Armour
 b - a +0 animal skin
 e - a +0 chain mail
 j - a +3 scale mail
 q - a +1 cloak (worn)
 H - the +2 chain mail of Moral Flaws (worn) {+Fly}
   (You bought it in a shop on level 6 of the Dungeon)

   It lets you fly.
 M - a +1 pair of boots (worn)
Jewellery
 m - a ring of magical power (left hand)
 r - an amulet of regeneration (around neck)
 C - an uncursed amulet of magic regeneration
 K - an uncursed ring of wizardry
Wands
 s - a wand of paralysis (13)
 G - a wand of enslavement (11)
 L - a wand of digging (22)
 N - a wand of disintegration (9)
 Q - a wand of iceblast (13)
 S - a wand of random effects (40)
Scrolls
 f - 2 scrolls of teleportation
 n - 5 scrolls of remove curse
 z - 2 scrolls of magic mapping
 I - 2 scrolls of fear
 P - a scroll of fog
Potions
 d - 2 potions of lignification
 i - a potion of brilliance {unknown}
 k - a potion of invisibility {unknown}
 l - 3 potions of mutation
 B - 4 potions of might
 J - a potion of curing {unknown}
 R - a potion of haste {unknown}
 T - 2 potions of resistance {unknown}
 Y - a potion of heal wounds
Comestibles
 c - 21 rations


   Skills:
 + Level 10.6 Fighting
 + Level 14.9 Axes
 + Level 11.5 Armour
 + Level 5.8 Dodging
 + Level 1.6 Stealth
 + Level 1.2 Evocations


You had 10 spell levels left.
You didn't know any spells.

Dungeon Overview and Level Annotations

Branches:
Dungeon (11/15)            Temple (0/1) D:4            Lair (0/6) D:8
    Orc: D:9-12

Altars:
Dithmenos
Elyvilon
Gozag
Hepliaklqana
Kikubaaqudgha
Okawaru
Ru
Sif Muna
Vehumet
Xom

Shops:
D:5 [   D:6 [


Innate Abilities, Weirdness & Mutations

You reflexively headbutt those who attack you in melee.
You have a pair of horns on your head.


Message History

The skeletal warrior hits you with a battleaxe!
The skeletal warrior hits you but does no damage.
You slash the skeletal warrior!
Lightning courses through the skeletal warrior!
You destroy the skeletal warrior!
Trog accepts your kill.
The skeletal warrior hits you with a trident!!
Things that are here:
a battleaxe; a mace You slash the skeletal warrior!
Lightning courses through the skeletal warrior!
The skeletal warrior is moderately damaged.
The skeletal warrior hits you with a trident!!
* * * LOW HITPOINT WARNING * * *
Your chain mail of Moral Flaws prevents you from hitting the skeletal warrior.
You headbutt the skeletal warrior, but do no damage.
The skeletal warrior is moderately damaged.
The skeletal warrior hits you but does no damage.
The skeletal warrior hits you from afar with a trident!!
You die...

# #.##..(......###...##
#..#...z.........###
#................#
##......z....####..
#............# . ..
.##......†..# ...
##.......## .... .#
####.#.#..##########....
.###..........z)@.........##
###...#.#.#.#####..........#
##.[....#.#.# #............
#....##.....# #............
...####.....# #...)........
.### #.....# ##...†.......
## #.....# ##..<##.... #
#.....# ##### #... # #.....#
...


You could see a skeletal warrior.

Vanquished Creatures
  Josephine (D:10)
  4 two-headed ogres
  2 skeletal warriors (D:10)
  A manticore (D:9)
  The ghost of dscm the Chopper, a novice HOFi (D:6)
  3 trolls (D:9)
  The ghost of amoger1506 the Skirmisher, an amateur DsAK of Lugonu (D:4)
  A shadow (D:11)
  5 wraiths (D:9)
  A yak (D:9)
  4 hogs (D:11)
  A human (D:11)
  4 orc warriors
  A black bear (D:8)
  2 sky beasts
  2 ice beasts
  A porcupine (D:8)
  4 phantoms
  A necrophage (D:6)
  4 ogres
  2 centaurs
  2 big kobolds
  7 bullfrogs
  A gnoll sergeant (D:9)
  A wyvern skeleton (D:11)
  9 scorpions
  7 jellies
  5 killer bees (D:8)
  4 wights (D:11)
  4 howler monkeys
  2 crimson imps
  2 centaur zombies
  A quasit (D:8)
  6 hounds
  A bullfrog zombie (D:10)
  2 orc priests
  A centaur skeleton (D:9)
  2 bullfrog skeletons
  A gnoll shaman (D:5)
  9 orc wizards
  8 worker ants
  A worker ant zombie (D:6)
  8 gnolls
  A howler monkey skeleton (D:4)
  11 adders
  2 shadow imps
  An adder skeleton (D:10)
  5 worms
  2 dart slugs (D:1)
  9 leopard geckos
  32 orcs
  A ball python (D:2)
  6 bats
  6 giant cockroaches
  6 goblins
  3 hobgoblins
  9 jackals
  4 quokkas
  3 frilled lizards
  14 kobolds
  A leopard gecko skeleton (D:8)
  6 rats
  A fungus (D:8)
  A plant (D:8)
254 creatures vanquished.

Vanquished Creatures (others)
  An adder (D:10)
  11 fungi (D:8)
  2 plants (D:8)
14 creatures vanquished.

Grand Total: 268 creatures vanquished

Notes
Turn   | Place    | Note
-------+----------+-------------------------------------------
     0 | D:1      | Madoushi the Minotaur Berserker began the quest for the Orb.
     0 | D:1      | Reached XP level 1. HP: 19/19 MP: 0/0
   508 | D:1      | Reached XP level 2. HP: 25/27 MP: 1/1
   596 | D:1      | Reached skill level 4 in Axes
   641 | D:1      | Reached XP level 3. HP: 7/33 MP: 2/2
  1465 | D:2      | Reached ** piety under Trog
  1536 | D:2      | Reached XP level 4. HP: 28/41 MP: 3/3
  1825 | D:2      | Found a hazy altar of Hepliaklqana.
  2194 | D:3      | Reached skill level 5 in Axes
  2200 | D:3      | Reached XP level 5. HP: 44/47 MP: 4/4
  2485 | D:3      | Reached *** piety under Trog
  2507 | D:3      | Found a deep blue altar of Sif Muna.
  2517 | D:3      | Found an opulent altar of Gozag.
  2519 | D:3      | Found a radiant altar of Vehumet.
  2569 | D:3      | Reached skill level 5 in Fighting
  2591 | D:3      | Found an ancient bone altar of Kikubaaqudgha.
  2866 | D:4      | Noticed a phantom
  2952 | D:4      | Killed a phantom
  2952 | D:4      | Reached skill level 6 in Axes
  2952 | D:4      | Reached XP level 6. HP: 56/56 MP: 5/5
  3112 | D:4      | Noticed amoger1506's ghost (amateur DsAK)
  3162 | D:4      | Killed amoger1506's ghost
  3162 | D:4      | Reached skill level 5 in Armour
  3162 | D:4      | Reached skill level 1 in Stealth
  3162 | D:4      | Reached XP level 7. HP: 29/61 MP: 6/6
  3244 | D:4      | Found an iron altar of Okawaru.
  3253 | D:4      | Found a staircase to the Ecumenical Temple.
  3392 | D:4      | Reached skill level 7 in Axes
  3725 | D:5      | Entered Level 5 of the Dungeon
  4064 | D:5      | Found Uceweodoe's Armour Shop.
  4079 | D:5      | Reached XP level 8. HP: 60/70 MP: 7/7
  4563 | D:6      | Noticed dscm's ghost (novice HOFi)
  4587 | D:6      | Killed dscm's ghost
  4587 | D:6      | Reached skill level 8 in Axes
  4964 | D:6      | Reached skill level 9 in Axes
  4982 | D:6      | Found Awos's Antique Armour Shoppe.
  4993 | D:6      | Bought a distressingly furry chain mail for 256 gold pieces
  4993 | D:6      | Identified the +2 chain mail of Moral Flaws {+Fly} (You bought it in a shop on level 6 of the Dungeon)
  5153 | D:6      | Reached **** piety under Trog
  5681 | D:7      | Reached XP level 9. HP: 69/79 MP: 8/8
  6038 | D:7      | Found a shadowy altar of Dithmenos.
  6308 | D:7      | Reached skill level 10 in Axes
  6486 | D:8      | Found a sacrificial altar of Ru.
  6563 | D:8      | Found a shimmering altar of Xom.
  6616 | D:8      | You fall through a shaft for 3 floors!
  6616 | D:11     | Noticed a two-headed ogre
  6625 | D:11     | Killed a two-headed ogre
  6627 | D:11     | Reached skill level 11 in Axes
  6680 | D:11     | Noticed a cyclops
  6713 | D:11     | Reached skill level 5 in Dodging
  6713 | D:11     | Reached XP level 10. HP: 59/90 MP: 6/9
  6790 | D:11     | Reached skill level 12 in Axes
  6870 | D:11     | Noticed a two-headed ogre
  6880 | D:11     | Killed a two-headed ogre
  6905 | D:10     | Entered Level 10 of the Dungeon
  6979 | D:10     | Reached skill level 1 in Evocations
  7090 | D:10     | Found a white marble altar of Elyvilon.
  7160 | D:10     | Noticed a skeletal warrior
  7161 | D:10     | Noticed a skeletal warrior
  7162 | D:10     | Noticed a skeletal warrior
  7469 | D:9      | Reached skill level 10 in Armour
  7550 | D:9      | Reached ***** piety under Trog
  7669 | D:9      | Reached skill level 13 in Axes
  7960 | D:9      | Found a hazy altar of Hepliaklqana.
  7989 | D:9      | Noticed a two-headed ogre
  8008 | D:9      | Killed a two-headed ogre
  8421 | D:9      | Noticed a manticore
  8428 | D:9      | Received a gift from Trog
  8428 | D:9      | Reached XP level 11. HP: 83/99 MP: 6/10
  8453 | D:9      | Got a warped flail
  8810 | D:8      | Noticed a two-headed ogre
  8822 | D:8      | Killed a two-headed ogre
  8822 | D:8      | Reached skill level 10 in Fighting
  8867 | D:8      | Reached skill level 14 in Axes
  8939 | D:8      | Got a pitted war axe
  8947 | D:8      | Found a staircase to the Lair.
  9013 | D:8      | Identified the +11 war axe of Fobuafae {elec, *Drain Int+2 SInv} (You found it on level 8 of the Dungeon)
  9400 | D:10     | Noticed Josephine
  9430 | D:10     | Killed Josephine
  9473 | D:10     | Killed a skeletal warrior
  9482 | D:10     | Killed a skeletal warrior
  9486 | D:10     | Slain by a skeletal warrior

Skill      XL: |  1  2  3  4  5  6  7  8  9 10 11 |
---------------+----------------------------------+-----
Fighting       | 4 5 6 7 8 9 10 | 10.6
Axes           | 4 5 6 7 9 11 13 14 | 14.9
Armour         | 3 4 5 6 7 9 10 11 | 11.5
Dodging        | 3 4 5 |  5.8
Stealth        | 1 |  1.6
Evocations     | 1 |  1.2

Action                   |  1- 3 |  4- 6 |  7- 9 | 10-12 || total
-------------------------+-------+-------+-------+-------++-------
Melee: Hand axe          |    54 |   159 |   287 |   231 ||   731
       Headbutt          |     6 |    17 |    65 |    71 ||   159
       Battleaxe         |       |       |       |    70 ||    70
       War axe           |       |       |       |    39 ||    39
Invok: Burn Spellbooks   |       |     1 |       |       ||     1
Evoke: Wand              |       |     3 |       |     6 ||     9
  Use: Scroll            |     4 |     8 |     7 |    10 ||    29
       Potion            |       |       |       |     7 ||     7
  Eat: Ration            |     1 |     1 |     2 |     3 ||     7
       Chunk             |       |       |     5 |     1 ||     6
Armor: Animal skin       |    10 |       |       |       ||    10
       Scale mail        |    18 |    65 |    72 |       ||   155
       Chain mail        |       |       |    72 |   174 ||   246
Dodge: Dodged            |    44 |    86 |   175 |   161 ||   466
